 Dungeon Sprint DCSS version 0.25-b1-29-g4cfa5c7bda (webtiles) character file.

Game seed: 17140650855861255450, levelgen mode: deterministic

445 Chiseanne the Covert (level 6, -3/84 HPs)
             Began as a Demonspawn Assassin on June 3, 2020.
             Was an Initiate of Fedhas.
             Slain by Sonja
             ... wielding a +2 dagger of venom
              (8 damage)
             ... in the Dungeon (Sprint I: "Red Sonja").
             The game lasted 00:02:56 (508 turns).

Chiseanne the Covert (Demonspawn Assassin)           Turns: 508, Time: 00:02:56

Health: -3/84      AC:  5    Str: 13    XL:     6   Next: 72%
Magic:  6/6        EV: 17    Int: 12    God:    Fedhas [......]
Gold:   297        SH:  0    Dex: 15    Spells: 5/5 levels left

rFire    . . .     SeeInvis .   s - +0 scythe
rCold    . . .     Gourm    .   (shield currently unavailable)
rNeg     . . .     Faith    .   b - +0 robe
rPois    .         Spirit   .   (no helmet)
rElec    .         Reflect  .   c - +0 cloak
rCorr    .         Harm     .   (no gloves)
MR       .....     NoTele   +   (no boots)
Stlth    ..........             (no amulet)
HPRegen  0.24/turn              (no ring)
MPRegen  0.10/turn              (no ring)

@: berserking, lethally poisoned (-3 -> -36), corroded, sanguine armour, slowed
A: hooves 1, sanguine armour 1
a: Renounce Religion


You were in the Dungeon.
You worshipped Fedhas.
Fedhas was noncommittal.
You were not hungry.

You visited 1 branch You collected 297 gold pieces.

Inventory:

Hand Weapons
 a - a +2 dagger
 s - a +0 scythe (weapon)
Missiles
 d - 8 poisoned darts (quivered)
 i - 5 boomerangs
Armour
 b - a +0 robe (worn)
 c - a +0 cloak (worn)
Scrolls
 h - a scroll of remove curse {unknown}
 l - a scroll of blinking
Potions
 j - 2 potions of magic
Comestibles
 f - 2 rations


   Skills:
 * Level 7.9 Fighting
 - Level 1.7 Short Blades
 - Level 1.7 Throwing
 + Level 4.8 Armour
 * Level 7.1 Dodging
 * Level 8.7 Stealth


You had 5 spell levels left.
You didn't know any spells.
Your spell library was empty.

Dungeon Overview and Level Annotations

Branches:
Dungeon (1/1)

Altars:
Cheibriados
Dithmenos
Elyvilon
Fedhas
Gozag
Hepliaklqana
Kikubaaqudgha
Nemelex Xobeh
Okawaru
Qazlal
Ru
Sif Muna
Trog
Uskayaw
Vehumet
Wu Jian
Yredelemnul
Zin
The Shining One

Shops:
D (

Annotations:
D Sonja


Innate Abilities, Weirdness & Mutations

You have large cloven feet.
When seriously injured, your bleeding wounds create armour. (AC +6)


Message History

Sonja completely misses you. Sonja barely misses you.
Sonja hits you with a +2 dagger of venom.
* * * LOW HITPOINT WARNING * * *
You are more poisoned.
A red film seems to cover your vision as you go berserk!
You feel yourself moving faster!
You feel mighty!
* * * LOW HITPOINT WARNING * * *
You feel very sick. Sonja hits you but does no damage.
Sonja hits you with a +2 dagger of venom.
* * * LOW HITPOINT WARNING * * *
Sonja hits you but does no damage.
You are more poisoned.
Sonja barely misses you. Sonja completely misses you. Sonja barely misses you.
You closely miss Sonja. Your kick misses Sonja.
* * * LOW HITPOINT WARNING * * *
You feel very sick.
Sonja hits you with a +2 dagger of venom!
You die...
Fedhas appreciates your contribution to the ecosystem.

#.)'[.#..'..#..+
#..#####)#####'#
#..####..#...#.#
#..#__####..##.#
#..#_____##'#_.+
#⌠⌠#_.∩...'.(._#
####_..__##_.#'#
#_____###K#.#
####### #@###
+$.$+ #$.$#
##.## #+#


You could see Sonja (resistant).

Vanquished Creatures
  Sigmund (D)
  A yak (D)
  An ogre (D)
  A jelly (D)
  Ijyb (D)
5 creatures vanquished.

Notes
Turn   | Place    | Note
-------+----------+-------------------------------------------
     0 | D        | Chiseanne the Demonspawn Assassin began the quest for the
                  | Orb.
     0 | D        | Reached XP level 1. HP: 16/16 MP: 1/1
     1 | D        | Noticed Ijyb
     7 | D        | Killed Ijyb
     7 | D        | Reached skill level 1 in Armour
     7 | D        | Reached skill level 4 in Stealth
     7 | D        | Gained mutation: You have large cloven feet. [demonic
                  | ancestry]
     7 | D        | Reached XP level 2. HP: 24/24 MP: 2/2
    16 | D        | Noticed an ogre
    35 | D        | Killed an ogre
    35 | D        | Reached skill level 5 in Fighting
    35 | D        | Reached skill level 6 in Stealth
    35 | D        | Reached XP level 3. HP: 21/33 MP: 3/3
    35 | D        | Reached XP level 4. HP: 25/39 MP: 4/4
   154 | D        | Noticed Sigmund
   184 | D        | Killed Sigmund
   184 | D        | Reached skill level 7 in Stealth
   184 | D        | Gained mutation: When seriously injured, your bleeding
                  | wounds create armour. (AC +6) [demonic ancestry]
   184 | D        | Reached XP level 5. HP: 33/47 MP: 5/5
   291 | D        | Found an ornate altar of the Wu Jian Council.
   291 | D        | Found a shimmering blue altar of Sif Muna.
   293 | D        | Found a radiant altar of Vehumet.
   299 | D        | Reached XP level 6. HP: 35/55 MP: 6/6
   424 | D        | Found Gyte's Weapon Emporium.
   424 | D        | Found an ancient bone altar of Kikubaaqudgha.
   424 | D        | Found a hazy altar of Hepliaklqana.
   424 | D        | Found a hide-covered altar of Uskayaw.
   424 | D        | Found a basalt altar of Yredelemnul.
   424 | D        | Found an opulent altar of Gozag.
   424 | D        | Found a snail-covered altar of Cheibriados.
   424 | D        | Found a sacrificial altar of Ru.
   424 | D        | Found a shadowy altar of Dithmenos.
   424 | D        | Noticed a yak
   425 | D        | Found a stormy altar of Qazlal.
   425 | D        | Found a blossoming altar of Fedhas.
   425 | D        | Found a bloodstained altar of Trog.
   425 | D        | Found an iron altar of Okawaru.
   425 | D        | Found a glowing golden altar of the Shining One.
   425 | D        | Found a glowing silver altar of Zin.
   425 | D        | Found a white marble altar of Elyvilon.
   430 | D        | Killed a yak
   430 | D        | Reached skill level 8 in Stealth
   431 | D        | Found a sparkling altar of Nemelex Xobeh.
   435 | D        | Became a worshipper of Fedhas Madash
   500 | D        | Noticed Sonja
   508 | D        | Slain by Sonja

Illustrated notes

Levels and vault maps discovered:
D:        dungeon_sprint_1 [red_sonja_temple_1, red_sonja_temple_small_1]

Skill      XL: |  1  2  3  4  5  6 |
---------------+-------------------+-----
Fighting       | 3 5 6 7 |  7.9
Armour         | 1 2 4 |  4.8
Dodging        | 2 4 6 7 |  7.1
Stealth        | 4 6 7 8 |  8.7
Short Blades   | |  1.7
Throwing       | |  1.7

Action                   |  1- 3 |  4- 6 || total
-------------------------+-------+-------++-------
Melee: Dagger            |     4 |     4 ||     8
       Kick              |     3 |     4 ||     7
       Scythe            |       |     6 ||     6
Throw: Dart              |     5 |     9 ||    14
  Use: Potion            |     2 |     2 ||     4
 Stab: Sleeping          |       |     1 ||     1
Armor: Robe              |       |     7 ||     7
Dodge: Dodged            |     6 |    19 ||    25
